 Dungeon Crawl Stone Soup version 0.30-a0-715-gdb4ae3ece1 (webtiles) character file.

Game seed: 2778571514980903474

8 Khajeetofwinds the Grasshopper (level 2, 0/22 HPs)
             Began as a Demonspawn Warper on Jan 23, 2023.
             Slain by a goblin
             ... wielding a +0 club
              (3 damage)
             ... on level 1 of the Dungeon.
             The game lasted 00:03:02 (107 turns).

Khajeetofwinds the Grasshopper (Demonspawn Warper)   Turns: 107, Time: 00:03:02

Health: 0/22       AC:  3    Str: 11    XL:     2   Next: 0%
Magic:  5/5        EV: 11    Int: 14    God:
Gold:   0          SH:  0    Dex: 12    Spells: 5/5 levels left

rFire   . . .      SeeInvis .    a - +0 falchion
rCold   . . .      Faith    .    (no shield)
rNeg    . . .      Spirit   .    b - +0 leather armour
rPois   .          Reflect  .    (no helmet)
rElec   .          Harm     .    (no cloak)
rCorr   .          Rampage  .    (no gloves)
Will    .....                    (no boots)
Stlth   +                        (no amulet)
HPRegen 0.23/turn                (no ring)
MPRegen 0.09/turn                (no ring)

@: no status effects
A: powered by pain 1
a: no special abilities


You were on level 1 of the Dungeon.
You visited 1 branch of the dungeon, and saw 1 of its levels.

Inventory:

Hand Weapons
 a - a +0 falchion (weapon)
Armour
 b - a +0 leather armour (worn)


   Skills:
 + Level 2.0 Fighting
 + Level 1.9 Long Blades
 + Level 1.0 Throwing
 + Level 1.0 Armour
 + Level 2.0 Dodging
 + Level 2.1 Spellcasting
 + Level 2.7 Translocations


You had 5 spell levels left.
You didn't know any spells.
Your spell library contained the following spells:

 Spells                   Type           Power      Damage    Failure   Level
 Blink                    Tloc           18%        N/A       16%         2
 Lesser Beckoning         Tloc           18%        N/A       16%         2
 Teleport Other           Tloc           9%         N/A       30%         3
 Vhi's Electric Charge    Tloc/Air       10%        N/A       47%         3
 Manifold Assault         Tloc           9%         N/A       69%         4


Dungeon Overview and Level Annotations

Branches:
Dungeon (1/15)

Altars:


Innate Abilities, Weirdness & Mutations

You sometimes gain a little power by taking damage.


Message History

Unknown command.
You closely miss the frilled lizard. The bat closely misses you.
The frilled lizard closely misses you. x2
You completely miss the frilled lizard. The bat hits you but does no damage.
The goblin closely misses you. The frilled lizard closely misses you.
You miss the frilled lizard. The bat hits you but does no damage.
The goblin hits you with a +0 club. The frilled lizard barely misses you.
You miss the frilled lizard. The bat barely misses you.
The goblin hits you with a +0 club.
The frilled lizard bites you but does no damage.
You miss the frilled lizard. The bat barely misses you.
The bat hits you but does no damage. The goblin barely misses you.
The frilled lizard bites you but does no damage.
The bat hits you but does no damage.
Throw: boomerang (disperse)
Press: ? - help, Q - select action Shift-Dir - straight line, f - frilled lizard
Aim: a frilled lizard (38% to hit)
You throw a boomerang of dispersal.
The boomerang of dispersal misses the frilled lizard.
The bat barely misses you. The goblin hits you with a +0 club.
The bat completely misses you. The frilled lizard barely misses you.
The goblin closely misses you. The frilled lizard closely misses you.
You miss the frilled lizard. The bat hits you but does no damage.
The bat barely misses you. The goblin barely misses you.
The frilled lizard barely misses you.
You closely miss the frilled lizard. The bat hits you but does no damage.
The goblin hits you with a +0 club.
* * * LOW HITPOINT WARNING * * *
The frilled lizard barely misses you.
You hit the bat.
The bat is heavily wounded.
The bat closely misses you. The goblin closely misses you.
The frilled lizard closely misses you. The bat closely misses you.
You closely miss the bat.
The bat is heavily wounded.
The bat closely misses you. The goblin hits you but does no damage.
The frilled lizard bites you.
* * * LOW HITPOINT WARNING * * *
The bat closely misses you. The goblin hits you with a +0 club.
You die...

... #.†...#
...##.###.######.#
..............##.#
##..#†###...#.##.#
#..#.......#.##.#
#...#..#......##.#
#.#...........##.#
((
.#.##......##b######
#
#.##....#.#g@.....#
#.##....#>.l.####.#
#....###### #...l#
#...g#### #.##....##
#..b.....#
#......lg...#
+.....[..$..#


You could see a goblin, a bat and a frilled lizard.

Vanquished Creatures
  2 bats (D:1)
  2 endoplasms (D:1)
  A giant cockroach (D:1)
  A hobgoblin (D:1)
6 creatures vanquished.

Notes
Turn   | Place    | Note
-------+----------+-------------------------------------------
     0 | D:1      | Khajeetofwinds the Demonspawn Warper began the quest for
                  | the Orb.
     0 | D:1      | Reached XP level 1. HP: 16/16 MP: 3/3
    54 | D:1      | Reached skill level 1 in Throwing
    54 | D:1      | Reached skill level 1 in Armour
    97 | D:1      | Gained mutation: You sometimes gain a little power by
                  | taking damage. [demonic ancestry]
    97 | D:1      | Reached XP level 2. HP: 11/22 MP: 5/5
   107 | D:1      | Slain by a goblin

Illustrated notes

Levels and vault maps discovered:
D:1:      eino_arrival_tree_alley, layout_basic,
          shapermc_ecumenical_altar_hornbeckon

Skill      XL: |  1 |
---------------+----+-----
Throwing       | 1 |  1.0
Armour         | 1 |  1.0
Dodging        | 2 |  2.0
Fighting       | |  2.0
Long Blades    | |  1.9
Spellcasting   | |  2.1
Translocations | |  2.7

Action                     || total
---------------------------++-------
  Melee: Falchion          ||    23
  Throw: Boomerang         ||     7
    Use: Scroll            ||     1
 Armour: Leather armour    ||    24
  Dodge: Dodged            ||    40

Table legend: (Time is in decaauts)
 A = Elapsed time spent in this place.
 B = Non-inter-level travel time spent in this place.
 C = Inter-level travel time spent in this place.
 D = Time resting spent in this place.
 E = Time spent auto-exploring this place.
 F = Levels seen in this place.
 G = Mean time per level.
                   A        B        C        D        E       F      G
               +--------+--------+--------+--------+--------+-----+--------+
         Total |    113 |    101 |     12 |      0 |      0 |   1 |  113.0 |
       Dungeon |    113 |    101 |     12 |      0 |      0 |   1 |  113.0 |
               +--------+--------+--------+--------+--------+-----+--------+

Top non-repeatable levels by time:
     D:1: 113 daAuts
